 Dungeon Crawl Stone Soup version 0.28.0-47-ge53b351184 (webtiles) character file.

Game seed: 5296677095856059283

19 bobregger the Skirmisher (level 2, -1/48 HPs)
             Began as an Ogre Berserker on May 6, 2022.
             Was a Follower of Trog.
             Slain by a gnoll
             ... wielding a +1 spear of flaming
              (4 damage)
             ... on level 1 of the Dungeon.
             The game lasted 00:00:52 (800 turns).

bobregger the Skirmisher (Ogre Berserker)            Turns: 800, Time: 00:00:52

Health: -1/48      AC:  3    Str: 20    XL:     2   Next: 75%
Magic:  2/2        EV: 10    Int:  8    God:    Trog [*.....]
Gold:   24         SH:  0    Dex:  8    Spells: 1/1 levels left

rFire   . . .      SeeInvis .   a - +0 mace
rCold   . . .      Faith    .   (no shield)
rNeg    . . .      Spirit   .   b - +0 animal skin
rPois   .          Reflect  .   (helmet restricted)
rElec   .          Harm     .   (no cloak)
rCorr   .          Rampage  .   (gloves unavailable)
Will    .....                   (boots unavailable)
Stlth   ..........              (no amulet)
HPRegen 0.16/turn               (no ring)
MPRegen 0.08/turn               (no ring)

@: berserking, very quick
A: large, unfitting armour, tough skin 1
a: Renounce Religion, Berserk


You were on level 1 of the Dungeon.
You worshipped Trog.
Trog was aware of your devotion.
You visited 1 branch of the dungeon, and saw 1 of its levels.

You collected 24 gold pieces.

Inventory:

Hand Weapons
 a - a +0 mace (weapon)
Armour
 b - a +0 animal skin (worn)
Jewellery
 e - an amulet of magic regeneration
Scrolls
 c - a scroll of enchant weapon {unknown}
 d - a scroll of identify {unknown}


   Skills:
 - Level 4.0 Fighting
 + Level 3.6 Maces & Flails
 - Level 2.6 Dodging


You had one spell level left.
You didn't know any spells.
Your spell library was empty.

Dungeon Overview and Level Annotations

Branches:
Dungeon (1/15)

Altars:


Innate Abilities, Weirdness & Mutations

You are too large for most types of armour.
You have tough skin. (AC +1)


Message History

Press ? for a list of commands and other information.
HP restored.
e - an amulet of magic regeneration Nothing quivered!
Unknown command.
A gnoll comes into view. It is wielding a +1 spear of flaming.
The gnoll shouts!
A gnoll is nearby!
A gnoll is nearby!
A gnoll is nearby!
A bat comes into view.
The gnoll hits you with a +1 spear of flaming.
The gnoll burns you.
You hit the gnoll.
The gnoll is heavily wounded.
The gnoll hits you with a +1 spear of flaming.
The gnoll burns you.
You sock the gnoll!
The gnoll is almost dead.
The gnoll hits you with a +1 spear of flaming.
The gnoll burns you. The bat hits you but does no damage.
You hit the gnoll but do no damage.
The gnoll is almost dead.
The bat hits you but does no damage.
The gnoll hits you with a +1 spear of flaming.
* * * LOW HITPOINT WARNING * * *
The gnoll burns you.
* * * LOW HITPOINT WARNING * * *
A red film seems to cover your vision as you go berserk!
You feel yourself moving faster!
You feel mighty! The bat hits you.
* * * LOW HITPOINT WARNING * * *
The gnoll hits you with a +1 spear of flaming.
* * * LOW HITPOINT WARNING * * *
The gnoll burns you.
* * * LOW HITPOINT WARNING * * *
You barely miss the gnoll.
The gnoll is almost dead.
The bat barely misses you.
The gnoll hits you with a +1 spear of flaming.
You die...

#..#.####..######.#
#.#
#.[.......†........
..#
#.##.#.........##.#
###
#.##........[.....#
#...#.......##.####
####.......## .#
#.#>..### # #.#..b#
#.##@## #. #g# #.
#.# #.# ... #.# #.#
#.#


You could see a gnoll and a bat.

Vanquished Creatures
  2 endoplasms (D:1)
  3 goblins (D:1)
  A hobgoblin (D:1)
  4 jackals (D:1)
  A quokka (D:1)
  2 ball pythons (D:1)
  2 bats (D:1)
  A frilled lizard (D:1)
  A rat (D:1)
17 creatures vanquished.

Notes
Turn   | Place    | Note
-------+----------+-------------------------------------------
     0 | D:1      | bobregger the Ogre Berserker began the quest for the Orb.
     0 | D:1      | Reached XP level 1. HP: 24/24 MP: 1/1
   383 | D:1      | Reached XP level 2. HP: 28/32 MP: 2/2
   800 | D:1      | Slain by a gnoll

Illustrated notes

Levels and vault maps discovered:
D:1:      zaba_arrival_water, layout_loops_ring

Skill      XL: |  1 |
---------------+----+-----
Maces & Flails | 3 |  3.6
Fighting       | |  4.0
Dodging        | |  2.6

Action                   || total
-------------------------++-------
Melee: Mace              ||    66
Invok: Berserk           ||     1
Armor: Animal skin       ||    25
Dodge: Dodged            ||    45
